 Dungeon Crawl Stone Soup version 0.29.1-2-gbd0b4ee654 (webtiles) character file.

Game seed: 6806040486299657622

171 wingedge the Chiller (level 5, -1/41 HPs)
             Began as a Merfolk Ice Elementalist on Nov 14, 2022.
             Slain by an orc
             ... wielding a +0 whip
              (5 damage)
             ... on level 3 of the Dungeon.
             The game lasted 00:09:44 (2553 turns).

wingedge the Chiller (Merfolk Ice Elementalist)     Turns: 2553, Time: 00:09:44

Health: -1/41      AC:  3    Str:  9    XL:     5   Next: 51%
Magic:  0/8        EV: 13    Int: 16    God:
Gold:   81         SH:  0    Dex: 14    Spells: 1/8 levels left

rFire   + . .      SeeInvis .   g - +0 spear
rCold   + . .      Faith    .   (no shield)
rNeg    . . .      Spirit   .   a - +0 robe
rPois   +          Reflect  .   (no helmet)
rElec   +          Harm     .   t - +0 cloak
rCorr   +          Rampage  .   (no gloves)
Will    .....                   (no boots)
Stlth   ++........              (no amulet)
HPRegen 0.13/turn               (no ring)
MPRegen 0.11/turn               (no ring)

@: resistant, hasted, very quick
A: (nimble swimmer 2), mertail
a: no special abilities


You were on level 3 of the Dungeon.
You visited 1 branch of the dungeon, and saw 3 of its levels.

You collected 81 gold pieces.

Inventory:

Hand Weapons
 g - a +0 spear (weapon)
 h - a +0 dagger
 l - a +2 short sword of draining
 o - a +0 sling
Armour
 a - a +0 robe (worn)
 t - a +0 cloak (worn)
Scrolls
 d - 2 scrolls of magic mapping {unknown}
 f - a scroll of identify {unknown}
 j - a scroll of teleportation {unknown}
 n - a scroll of fog {unknown}
 p - a scroll of fear {unknown}
 q - a scroll of amnesia {unknown}
 r - 3 scrolls of noise {unknown}
Potions
 b - a potion of magic
 c - a potion of resistance
 e - a potion of ambrosia {unknown}
 i - a potion of attraction {unknown}
 k - a potion of haste
 m - a potion of curing {unknown}
 s - a potion of flight {unknown}


   Skills:
 + Level 3.4 Fighting
 - Level 3.0 Polearms
 - Level 4.0 Dodging
 - Level 2.1 Stealth
 - Level 2.0 Spellcasting
 - Level 5.0 Ice Magic


You had one spell level left.
You knew the following spells:

 Your Spells              Type           Power      Damage    Failure   Level
a - Freeze                Ice            68%        1d8       2%          1
b - Frozen Ramparts       Ice            34%        1d6       8%          3
c - Ozocubu's Armour      Ice            17%        N/A       8%          3

Your spell library contained the following spells:

 Spells                   Type           Power      Damage    Failure   Level
 Hailstorm                Conj/Ice       9%         3d4       58%         4


Dungeon Overview and Level Annotations

Branches:
Dungeon (3/15)

Altars:
Trog
Zin

Annotations:
D:3 1 runed translucent door, Crazy Yiuf


Innate Abilities, Weirdness & Mutations

((You are very nimble when in or above water. (Stealth+, EV+, Speed+++)))
Your lower body shifts to a powerful aquatic tail in water.


Message History

You reach to attack!
You hit the orc wizard.
The orc wizard is moderately wounded.
Reach: g) +0 spear
Press: ? - help, Dir - move target, f/p - orc wizard
Aim: an orc wizard, wielding a +0 dagger and wearing a +0 robe (moderately wounded, about 44% to evade your +0 spear)
You reach to attack!
You closely miss the orc wizard.
The orc wizard is moderately wounded.
The wall freezes the orc wizard but does no damage.
Casting: Frozen Ramparts (dangerous; 8% risk of failure)
Confirm with . or Enter, or press ? or * to list all spells.
Aiming: Freeze (safe; 2% risk of failure)
Press: ? - help, Shift-Dir - straight line, f/p - orc wizard
Aim: an orc wizard, wielding a +0 dagger and wearing a +0 robe (moderately wounded)
You freeze the orc wizard!
The orc wizard is severely wounded.
You closely miss the orc wizard.
The orc wizard is severely wounded.
The wall freezes the orc.
The wall freezes the orc wizard.
The orc wizard hits you with a +0 dagger.
* * * LOW HITPOINT WARNING * * *
You closely miss the orc wizard.
The orc wizard is almost dead.
The wall freezes the orc.
You kill the orc!
The wall freezes the orc wizard but does no damage.
The orc wizard barely misses you.
The wall freezes the orc.
Training target 3.0 for Fighting reached!
Your Fighting skill increases to level 3!
You need to enable at least one skill for training.
You hit the orc wizard but do no damage.
The orc wizard is almost dead.
You barely miss the orc wizard.
The orc wizard is almost dead.
The wall freezes the orc wizard.
You kill the orc wizard!
The wall freezes the orc.
You closely miss the orc.
The orc is severely wounded.
The frozen ramparts melt away.
The orc hits you with a +0 whip.
You die...

##....... .......
...... .>.. ... #)#
...####o#########
.......)@.......#
...####.#######.#
#.# #.# # #.# #.# #
#.# #####.#########
#.# #..............
#.###.###.#########
#.....# #.# #
####### #.#########


You could see an orc.

Vanquished Creatures
  An orc priest (D:3)
  An orc wizard (D:3)
  Robin (D:3)
  5 adders
  3 worms (D:2)
  A dart slug (D:3)
  3 orcs (D:3)
  3 bats
  4 endoplasms (D:2)
  11 goblins
  4 hobgoblins (D:3)
  3 jackals (D:2)
  2 quokkas
  2 ball pythons (D:2)
  A frilled lizard (D:2)
  3 kobolds (D:2)
  A rat (D:2)
49 creatures vanquished.

Notes
Turn   | Place    | Note
-------+----------+-------------------------------------------
     0 | D:1      | wingedge the Merfolk Ice Elementalist began the quest for
                  | the Orb.
     0 | D:1      | Reached XP level 1. HP: 13/13 MP: 3/3
    13 | D:1      | You fall into a shaft and drop 1 floor!
   203 | D:2      | Reached skill level 1 in Fighting
   203 | D:2      | Reached XP level 2. HP: 14/21 MP: 0/5
   623 | D:2      | Reached XP level 3. HP: 15/26 MP: 1/6
   627 | D:2      | Learned a level 3 spell: Frozen Ramparts
  1552 | D:3      | Reached skill level 5 in Ice Magic
  1553 | D:3      | Reached XP level 4. HP: 32/32 MP: 3/7
  1557 | D:3      | Noticed Robin
  1568 | D:3      | Killed Robin
  1867 | D:3      | Found a glowing silver altar of Zin.
  2000 | D:3      | Found a runed translucent door.
  2001 | D:3      | Noticed Crazy Yiuf
  2012 | D:3      | Learned a level 3 spell: Ozocubu's Armour
  2354 | D:3      | Found a bloodstained altar of Trog.
  2543 | D:3      | Reached XP level 5. HP: 4/38 MP: 0/8
  2553 | D:3      | Slain by an orc

Illustrated notes

Levels and vault maps discovered:
D:1:      amcnicky_arrival_choice, layout_loops_corners, serial_forest,
          infiniplex_forest_clump_diagonal, infiniplex_forest_clump_small,
          infiniplex_forest_straight_2, infiniplex_forest_lined_2,
          infiniplex_forest_side_room, infiniplex_forest_clump_cross,
          infiniplex_forest_end_2, chequers_ecumenical_altar_simple
D:2:      layout_basic, grunt_ministairs_1, minmay_misc_feat_plants
D:3:      layout_loops_ring, riverfiend_overflow_shadow_ancestor,
          tso_oasis_becter, trog_book, zin_statuary, uniq_robin,
          uniq_crazy_yiuf_cottage

Skill      XL: |  1  2  3  4  5 |
---------------+----------------+-----
Fighting       | 1 2 3 |  3.4
Polearms       | 2 3 |  3.0
Dodging        | 3 4 |  4.0
Ice Magic      | 5 |  5.0
Stealth        | |  2.1
Spellcasting   | |  2.0

Action                   |  1- 3 |  4- 6 || total
-------------------------+-------+-------++-------
Melee: Spear             |    28 |    29 ||    57
 Cast: Freeze            |    34 |    25 ||    59
       Frozen Ramparts   |     3 |     2 ||     5
  Use: Potion            |       |     2 ||     2
 Stab: Sleeping          |     6 |     5 ||    11
Armor: Robe              |     9 |       ||     9
Dodge: Dodged            |    14 |    14 ||    28
